 Dungeon Crawl Stone Soup version 0.29.1-1-gd02db6906a (webtiles) character file.

Game seed: 15694801001408843876

65171 croobank the Spry (level 14, 0/73 HPs)
             Began as a Felid Summoner on Sept 27, 2022.
             Was an Initiate of Gozag.
             Killed from afar by a will-o-the-wisp (20 damage)
             ... with a foxfire
             ... on level 1 of the Swamp on Sept 28, 2022.
             The game lasted 06:42:26 (42112 turns).

croobank the Spry (Felid Summoner)                 Turns: 42112, Time: 06:42:26

Health: 0/73       AC:  3    Str: 14      XL:     14   Next: 74%
Magic:  20/29      EV: 29    Int: 27      God:    Gozag
Gold:   3230       SH:  0    Dex: 15 (17) Spells: 0/33 levels left
                                        Lives:  0   Deaths: 4

rFire   + . .      SeeInvis +     - Unarmed
rCold   + + .      Faith    .   (shield unavailable)
rNeg    + . .      Spirit   .   (body armour unavailable)
rPois   +          Reflect  .   (helmet unavailable)
rElec   +          Harm     .   (cloak unavailable)
rCorr   +          Rampage  .   (gloves unavailable)
Will    +++..                   (boots unavailable)
Stlth   +++.......              o - amulet of Heddeut {RegenMP rPois Will- Str+6}
HPRegen 0.22/turn               a - ring "Heneol" {Fly rN+ Str+4 Int+3 Slay+4}
MPRegen 0.61/turn               u - ring "Sopun" {Wiz rElec Will++}

@: resistant, gold aura, flying, very slightly contaminated, quick
A: very small, claws 1, fangs 3, see invisible, speed 1, shaggy fur 3, stealthy
paws, no weapons or thrown items, no armour, multi-lived, deterioration 1
a: Renounce Religion, Potion Petition, Call Merchant, Bribe Branch


You were on level 1 of the Swamp.
You worshipped Gozag.
Gozag was most pleased with you.
You visited 7 branches of the dungeon, and saw 27 of its levels.
You also visited: Bailey.

You collected 9114 gold pieces.
You spent 2175 gold pieces at shops.
You paid 3709 gold pieces to Gozag.

Inventory:

Jewellery
 a - the ring "Heneol" (left paw) {Fly rN+ Str+4 Int+3 Slay+4}
   (You acquired it on level 6 of the Dungeon)

   [ring of slaying]

   Str:       It affects your strength (+4).
   Int:       It affects your intelligence (+3).
   Slay:      It affects your accuracy & damage with ranged weapons and melee
   (+4).
   rN:        It protects you from negative energy.
   Fly:       It grants you flight.
 c - an amulet of guardian spirit
 f - a ring of wizardry
 l - a ring of ice
 n - a ring of protection from cold
 o - the amulet of Heddeut (around neck) {RegenMP rPois Will- Str+6}
   (You found it on level 6 of the Dungeon)

   [amulet of magic regeneration]

   It increases your rate of magic regeneration.
   Str:       It affects your strength (+6).
   rPois:     It protects you from poison.
   Will:      It decreases your willpower.
 p - a +6 ring of dexterity
 u - the ring "Sopun" (right paw) {Wiz rElec Will++}
   (You bought it in a shop on level 11 of the Dungeon)

   [ring of wizardry]

   It improves your spell success rate.
   rElec:     It insulates you from electricity.
   Will:      It greatly increases your willpower.
 z - an amulet of the acrobat
 I - an amulet of reflection
 K - a ring of protection from fire
 L - a ring of ice
 M - a ring of positive energy
 O - a +4 ring of evasion
Wands
 m - a wand of iceblast (32)
 q - a wand of paralysis (4)
 y - a wand of flame (11)
 F - a wand of digging (3)
Scrolls
 e - 3 scrolls of poison
 j - a scroll of torment
 r - 6 scrolls of teleportation
 w - 3 scrolls of vulnerability
 x - a scroll of fear
 A - 4 scrolls of magic mapping
 G - a scroll of immolation
 H - 2 scrolls of amnesia
 N - 5 scrolls of identify
Potions
 b - 5 potions of mutation
 d - 3 potions of resistance
 g - 4 potions of haste
 h - 4 potions of attraction
 i - 7 potions of flight
 k - 5 potions of curing
 s - 4 potions of brilliance
 v - 2 potions of might
 D - 8 potions of ambrosia
 J - a potion of cancellation
Miscellaneous
 t - a phantom mirror
 C - a phial of floods (inert)


   Skills:
 - Level 15.0 Fighting
 - Level 19.0 Dodging
 - Level 6.9 Stealth
 - Level 1.9 Unarmed Combat
 - Level 10.4 Spellcasting
 - Level 5.8 Hexes
 - Level 10.6 Summonings
 - Level 5.0 Translocations
 + Level 11.1 Transmutations
 + Level 11.5 Air Magic
 - Level 2.2 Evocations


You couldn't memorise any spells.
You knew the following spells:

 Your Spells              Type           Power      Damage    Failure   Level
a - Summon Small Mammal   Summ           100%       N/A       1%          1
b - Call Imp              Summ           64%        N/A       1%          2
c - Call Canine Familiar  Summ           64%        N/A       1%          3
d - Summon Guardian Gole  Hex/Summ       55%        N/A       1%          3
e - Summon Lightning Spi  Summ/Air       65%        N/A       1%          4
f - Summon Mana Viper     Hex/Summ       55%        N/A       1%          5
g - Airstrike             Air            33%        2d(5-21)  1%          4
h - Manifold Assault      Tloc           41%        N/A       6%          5
i - Storm Form            Tmut/Air       33%        N/A       13%         7

Your spell library contained the following spells:

 Spells                   Type           Power      Damage    Failure   Level
 Foxfire                  Conj/Fire      56%        2x1d6     1%          1
 Necrotise                Necr           56%        1d6       1%          1
 Sandblast                Erth           28%        2d8       1%          1
 Shock                    Conj/Air       100%       1d9       1%          1
 Slow                     Hex            100%       N/A       1%          1
 Blink                    Tloc           82%        N/A       1%          2
 Ensorcelled Hibernation  Hex/Ice        58%        N/A       1%          2
 Passwall                 Tmut/Erth      36%        N/A       1%          2
 Static Discharge         Conj/Air       45%        3-9/arc   1%          2
 Confusing Touch          Hex            45%        N/A       1%          3
 Gell's Gravitas          Tloc           41%        N/A       1%          3
 Inner Flame              Hex/Fire       29%        N/A       1%          3
 Lesser Beckoning         Tloc           41%        N/A       1%          3
 Spider Form              Tmut/Pois      44%        N/A       1%          3
 Swiftness                Air            66%        N/A       1%          3
 Teleport Other           Tloc           41%        N/A       1%          3
 Ice Form                 Ice/Tmut       44%        N/A       1%          4
 Summon Ice Beast         Ice/Summ       42%        N/A       1%          4
 Summon Forest            Summ/Tloc      27%        N/A       1%          5
 Summon Cactus Giant      Summ           32%        N/A       3%          6
 Conjure Flame            Conj/Fire      14%        6-21      4%          3
 Ozocubu's Armour         Ice            14%        N/A       4%          3
 Stone Arrow              Conj/Erth      28%        3d8       4%          3
 Vampiric Draining        Necr           14%        2d7       4%          3
 Anguish                  Hex/Necr       14%        N/A       4%          4
 Dispel Undead            Necr           14%        3d10      16%         4
 Flame Wave               Conj/Fire      14%        2d6       16%         4
 Hailstorm                Conj/Ice       14%        3d5       16%         4
 Sticky Flame             Conj/Fire      14%        2d4       16%         4
 Monstrous Menagerie      Summ           32%        N/A       17%         7
 Statue Form              Tmut/Erth      29%        N/A       26%         6
 Agony                    Necr           14%        N/A       41%         5
 Ozocubu's Refrigeration  Ice            7%         4d9       100%        7
 Chain Lightning          Conj/Air       22%        3d30      100%        9
 Simulacrum               Ice/Necr       Unusable   N/A       N/A         6

Dungeon Overview and Level Annotations

Branches:
Dungeon (13/15)            Temple (1/1) D:5            Lair (5/5) D:9
  Swamp (1/4) Lair:3       Spider (4/4) Lair:2        Slime (0/5) Lair:5
    Orc (2/2) D:11            Elf (1/3) Orc:2        Bailey (visited)
 Vaults: D:13-14

Altars:
Ashenzari
Cheibriados
Dithmenos
Elyvilon
Fedhas
Gozag
Hepliaklqana
Kikubaaqudgha
Makhleb
Nemelex Xobeh
Okawaru
Qazlal
Ru
Sif Muna
Trog
Uskayaw
Vehumet
Wu Jian
Xom
Yredelemnul
Zin
The Shining One
Jiyva

Shops:
D:6 *   D:11 =*   D:12 =[:[*   Orc:2 *[:[


Innate Abilities, Weirdness & Mutations

You have sharp claws.
You have razor-sharp teeth.
You have supernaturally acute eyesight. (SInv)
You cover ground quickly. (Speed+)
Your thick and shaggy fur keeps you warm. (AC +3, rC+)
Your paws help you pounce on unaware monsters.
You are incapable of wielding weapons or throwing items.
You cannot wear armour.
You gain extra lives every three experience levels.
Your body sometimes deteriorates upon taking damage.


Message History

r - Retreat! s - Stop attacking. g - Guard the area. f - Follow me.
Anything else - Cancel.
Gang up on whom?
Press: ? - help, Dir - move target, f/p - will-o-the-wisp
Aim: a will-o-the-wisp (steam, moderately damaged, ally target) Attack!
The will-o-the-wisp engulfs your guardian golem!
Flame seeps out of your guardian golem.
Your guardian golem is engulfed in blazing flames.
Flame seeps out of your guardian golem.
Casting: Summon Guardian Golem (safe; 1% risk of failure)
Confirm with . or Enter, or press ? or * to list all spells.
An electric hum fills the air.
The will-o-the-wisp engulfs your guardian golem.
Flame seeps out of your guardian golem.
Your guardian golem is engulfed in blazing flames.
Flame seeps out of your guardian golem.
Your lightning spire cannot move out of your way!
The will-o-the-wisp gestures.
The will-o-the-wisp conjures some foxfire!
Your guardian golem is engulfed in blazing flames.
Your guardian golem disappears in a puff of smoke!
Your guardian golem explodes!
The fiery explosion engulfs the foxfire.
The foxfire completely resists.
The fiery explosion engulfs the will-o-the-wisp!!
The will-o-the-wisp resists.
You hear a deafening roar! 2 foxfires come into view.
Your lightning spire shoots out a bolt of lightning at the will-o-the-wisp!
The bolt of electricity hits the foxfire!!
The bolt of electricity hits the will-o-the-wisp.
The will-o-the-wisp resists.
The will-o-the-wisp is engulfed in blazing flames.
Okay, then.
You feel protected. The foxfire hits you!! You resist.
You die...
Your body crumbles into a pile of gold.

♣♣♣♣♣ ♣♣ ♣~.~♣♣
♣♣~♣♣♣♣♣♣§~..♣♣ ♣♣♣♣♣
......~~~~~~..♣♣♣..<♣♣
..~~~~~~.......♣.§~~.♣
~§~~~~~~§~~~..8..~~..♣
~~~~~~~~.~~§~§v@♣♣♣♣♣♣
.~~~.§§..~§§§§v♣♣
~...~~~..~§v°§~♣
...~~.~...§§°~♣♣
...~~~♣...§§.♣♣
.....♣♣♣...~♣.~♣ ~....
♣♣~...... ♣♣♣~
~...~~~.. ♣♣
~....~~~~!


You could see a will-o-the-wisp (distracted, ally target) and a friendly
lightning spire (summoned).

Vanquished Creatures
  Arachne (Spider:2)
  Mlioglotl (Spider:4)
  A ghost moth (Spider:4)
  An emperor scorpion (Spider:3)
  3 broodmothers (Spider:4)
  An entropy weaver (Spider:3)
  Fannar (Orc:1)
  2 boulder beetles
  2 hydras
  A jorogumo (Spider:1)
  A radroach (Spider:1)
  2 orc high priests (Orc:2)
  Nergalle (D:11)
  2 pharaoh ants
  A sun moth (Spider:1)
  A steelbarb worm (Spider:4)
  6 orb spiders
  2 deep elf pyromancers
  An oklob plant (Lair:2)
  2 orc sorcerers
  7 wolf spiders
  An ugly thing (D:11)
  A manticore (D:12)
  3 elephants (Lair:4)
  3 cane toads (Lair:5)
  2 torpor snails
  3 demonic crawlers
  2 rime drakes (Lair:5)
  2 trolls (D:12)
  A slime creature (shapeshifter) (D:11)
  11 tarantellas
  8 blink frogs
  A slime creature (D:12)
  9 jumping spiders
  7 culicivoras
  A wyvern (Lair:2)
  17 redbacks
  8 yaks
  3 vampire mosquitoes
  A swamp worm (Lair:3)
  3 water moccasins
  A floating eye (D:12)
  6 orc warriors
  A black bear (D:6)
  7 wolves
  4 ogres
  4 bullfrogs
  A wight (D:7)
  2 small abominations (D:12)
  7 killer bees
  3 electric eels
  2 vampire bats (D:8)
  4 orc priests
  Natasha (D:3)
  8 orc wizards
  A gnoll (D:6)
  An adder (D:3)
  A shadow imp (D:6)
  A worm (D:2)
  9 orcs
  3 bat skeletons (D:8)
  3 bat zombies (D:8)
  A goblin (D:2)
  A hobgoblin (D:1)
  A quokka (D:4)
  2 bats
202 creatures vanquished.

Vanquished Creatures (collateral kills)
  An emperor scorpion (Spider:3)
  A broodmother (Spider:4)
  2 spark wasps
  An ogre mage (D:12)
  4 boulder beetles
  2 hydras
  2 centaur warriors
  3 two-headed ogres
  2 death yaks (Lair:3)
  An alligator (Swamp:1)
  2 orc high priests
  2 pharaoh ants
  A glowing orange brain (D:12)
  The ghost of XxsatanxX the Cleaver, a novice MiBe of Trog (D:6)
  5 steelbarb worms
  3 orb spiders (Spider:4)
  2 deep elf zephyrmancers (Elf:1)
  An ugly thing (D:13)
  2 orc knights (Orc:2)
  8 wolf spiders
  3 orc sorcerers (Orc:2)
  3 cyclopes
  A manticore (D:12)
  9 elephants
  Joseph (D:9)
  2 torpor snails (Spider:4)
  12 cane toads
  A gargoyle (D:12)
  Psyche (D:9)
  2 unseen horrors
  4 kobold demonologists
  6 demonic crawlers
  5 komodo dragons
  2 rime drakes (Lair:2)
  An unseen horror skeleton (D:6)
  A troll (D:12)
  A meliai (Spider:4)
  A queen bee (Lair:2)
  A tyrant leech (Lair:5)
  2 polar bears
  11 tarantellas
  9 blink frogs
  2 slime creatures (D:12)
  8 jumping spiders
  2 shadows (D:12)
  5 culicivoras
  4 spriggans (Bailey)
  5 wyverns
  3 wraiths
  26 yaks
  A basilisk (Lair:2)
  Menkaure (D:5)
  5 vampire mosquitoes
  Edmund (D:4)
  A swamp worm (Lair:3)
  A warg (Orc:1)
  A small abomination (D:12)
  3 steam dragons
  An acid dragon (D:8)
  15 redbacks
  9 water moccasins
  3 sky beasts (D:6)
  2 ice beasts (D:6)
  13 orc warriors
  7 ogres
  2 black bears (D:9)
  15 wolves
  3 centaurs
  2 phantoms
  7 kobold brigands
  12 bullfrogs
  5 scorpions
  3 necrophages
  2 wights (D:7)
  21 killer bees
  2 howler monkeys
  3 electric eels (D:7)
  A spectral centaur (D:6)
  2 hounds
  A gnoll bouda (D:7)
  17 orc priests
  An iguana (Lair:3)
  Natasha (twice) (D:3)
  15 orc wizards
  A centaur simulacrum (D:6)
  A howler monkey skeleton (D:6)
  10 adders
  6 gnolls
  A white imp (D:7)
  An ufetubus (D:7)
  A dart slug (D:4)
  64 orcs
  5 ball pythons
  2 endoplasms
  3 giant cockroaches
  5 goblins
  4 hobgoblins
  6 quokkas
  5 bats
  4 frilled lizards
  21 kobolds
  7 rats
  A butterfly (D:5)
508 creatures vanquished.

Vanquished Creatures (others)
  Donald (Spider:3)
  An entropy weaver (Spider:3)
  3 boulder beetles
  5 hydras
  2 two-headed ogres
  A centaur warrior (D:13)
  A tengu warrior (D:13)
  2 death yaks
  An orc high priest (Orc:2)
  Urug (D:12)
  A pharaoh ant (Spider:3)
  An orb spider (Spider:4)
  A swamp dragon (Swamp:1)
  2 orc knights (Orc:2)
  An orc sorcerer (Orc:2)
  A wolf spider (Spider:4)
  A moth of wrath (Spider:3)
  4 elephants
  A torpor snail (Lair:5)
  5 cane toads
  A rime drake (Lair:4)
  A komodo dragon (Lair:1)
  3 tyrant leeches (Lair:5)
  2 polar bears
  3 hornets
  4 tarantellas (Spider:2)
  A blink frog (Lair:5)
  3 culicivoras
  3 spriggans
  28 yaks
  2 redbacks
  A steam dragon (D:8)
  A warg (Orc:1)
  An acid dragon (D:11)
  2 water moccasins
  2 ice beasts
  11 orc warriors
  4 black bears
  An ogre (D:4)
  6 wolves
  A nameless horror (Bailey)
  8 wights
  7 killer bees
  2 orc priests (Orc:2)
  4 orc wizards
  A gnoll (D:7)
  An adder (D:6)
  4 orcs
  A kobold (D:11)
  A bush (Lair:5)
  2 foxfires (Swamp:1)
  67 fungi
  177 plants
392 creatures vanquished.

Grand Total: 1102 creatures vanquished

Notes
Turn   | Place    | Note
-------+----------+-------------------------------------------
     0 | D:1      | croobank the Felid Summoner began the quest for the Orb.
     0 | D:1      | Reached XP level 1. HP: 7/7 MP: 4/4
   234 | D:1      | Reached skill level 3 in Dodging
   299 | D:1      | Reached XP level 2. HP: 11/11 MP: 1/6
   373 | D:1      | Learned a level 2 spell: Call Imp
  1238 | D:2      | Reached XP level 3. HP: 14/14 MP: 4/7
  1242 | D:2      | Learned a level 3 spell: Call Canine Familiar
  1400 | D:2      | You fall into a shaft and drop 2 floors!
  1406 | D:4      | Noticed a scorpion
  1496 | D:3      | Noticed Natasha
  1510 | D:3      | Killed Natasha
  1511 | D:3      | Reached XP level 4. HP: 18/18 MP: 3/8
  1859 | D:3      | Noticed Natasha
  1866 | D:3      | Killed Natasha
  1867 | D:3      | Reached skill level 4 in Dodging
  2014 | D:3      | Noticed Natasha
  2040 | D:3      | Found a faded altar of an unknown god.
  2215 | D:3      | Reached XP level 5. HP: 21/21 MP: 6/10
  2837 | D:3      | Killed Natasha
  2842 | D:3      | Learned a level 3 spell: Summon Guardian Golem
  3014 | D:4      | Noticed an ogre
  3330 | D:4      | Killed an ogre
  3331 | D:4      | Reached skill level 5 in Stealth
  3331 | D:4      | Reached skill level 5 in Summonings
  3415 | D:4      | Noticed an ogre
  3425 | D:4      | Killed an ogre
  3426 | D:4      | Reached skill level 5 in Dodging
  3426 | D:4      | Gained mutation: You are covered in thick fur. (AC +2)
                  | [Felid growth]
  3426 | D:4      | Reached XP level 6. HP: 24/24 MP: 1/12
  3985 | D:4      | Noticed an ice beast
  4014 | D:4      | Killed an ice beast
  4015 | D:4      | Reached XP level 7. HP: 27/27 MP: 4/13
  4515 | D:4      | Reached skill level 6 in Dodging
  4807 | D:4      | Found a shadowy altar of Dithmenos.
  4808 | D:4      | Found a white marble altar of Elyvilon.
  4809 | D:4      | Found a radiant altar of Vehumet.
  4810 | D:4      | Found an iron altar of Okawaru.
  4821 | D:4      | Noticed Edmund
  4840 | D:4      | Killed Edmund
  5039 | D:5      | Entered Level 5 of the Dungeon
  5039 | D:5      | Noticed Menkaure
  5417 | Temple   | Entered the Ecumenical Temple
  5579 | D:5      | Killed Menkaure
  5580 | D:5      | Reached skill level 1 in Hexes
  5580 | D:5      | Reached XP level 8. HP: 14/31 MP: 2/15
  5786 | D:5      | Reached skill level 1 in Fighting
  6293 | D:5      | Found an opulent altar of Gozag.
  6294 | D:5      | Found a glowing golden altar of the Shining One.
  6296 | D:5      | Found a basalt altar of Yredelemnul.
  6301 | D:5      | Became a worshipper of Gozag Ym Sagoz the Greedy
  6305 | D:5      | Found a shimmering blue altar of Sif Muna.
  6308 | D:5      | Found a sacrificial altar of Ru.
  6854 | D:6      | Identified a scroll of acquirement
  6854 | D:6      | Acquired the ring "Heneol" {Fly rN+ Str+4 Int+3 Slay+4}
  6873 | D:6      | Reached skill level 7 in Dodging
  6911 | D:6      | Found Zatranoq's General Store.
  6955 | D:6      | Bought a scroll of identify for 24 gold pieces
  6955 | D:6      | Bought a potion of heal wounds for 60 gold pieces
  6989 | D:6      | Reached skill level 5 in Spellcasting
  7193 | D:6      | Identified the amulet of Heddeut {RegenMP rPois Will-
                  | Str+6}
  7379 | D:6      | Found a runed translucent gate.
  7379 | D:6      | Found a runed translucent gate.
  7380 | D:6      | Found a runed translucent gate.
  7381 | D:6      | Noticed XxsatanxX's ghost (novice MiBe)
  7382 | D:6      | Found a bloodstained altar of Trog.
  7427 | D:6      | Reached XP level 9. HP: 37/37 MP: 12/18
  7720 | D:6      | Reached skill level 8 in Dodging
  7720 | D:6      | Reached skill level 5 in Hexes
  8019 | D:6      | Found a burning altar of Makhleb.
  8517 | D:7      | Learned a level 4 spell: Summon Lightning Spire
  8602 | D:7      | Noticed a two-headed ogre
  8623 | D:7      | Killed from afar by an orc priest
  8624 | D:7      | Reached XP level 8. HP: 0/36 MP: 15/17
  8629 | D:7      | Killed a two-headed ogre
  8630 | D:7      | Reached skill level 9 in Dodging
  8666 | D:7      | Reached XP level 9. HP: 39/39 MP: 19/19
  8842 | D:7      | Reached skill level 5 in Fighting
 10033 | D:7      | Reached skill level 10 in Dodging
 10575 | D:8      | Reached XP level 10. HP: 45/45 MP: 21/21
 11057 | D:8      | Found an ancient bone altar of Kikubaaqudgha.
 11444 | D:9      | Noticed Psyche
 11461 | D:9      | Killed Psyche
 11604 | D:9      | Reached skill level 11 in Dodging
 11807 | D:9      | Found an ornate altar of the Wu Jian Council.
 11840 | D:9      | Found a flagged portal.
 11866 | Bailey   | Entered a bailey
 12386 | Bailey   | Identified the +1 steam dragon scales of Responsibility
                  | {Int+5}
 12508 | Bailey   | Noticed a two-headed ogre
 12526 | Bailey   | Killed a two-headed ogre
 12759 | D:9      | Found a staircase to the Lair.
 12776 | D:9      | Reached XP level 11. HP: 20/50 MP: 24/24
 13141 | D:9      | Found a glowing silver altar of Zin.
 13193 | D:9      | Identified the +6 chain mail of Siah Epn {rN+ Str-5 Dex+3}
 13259 | D:9      | Noticed Joseph
 13259 | D:9      | Noticed a two-headed ogre
 13271 | D:9      | Killed a two-headed ogre
 13284 | D:9      | Killed Joseph
 13366 | D:10     | Entered Level 10 of the Dungeon
 13756 | D:10     | Reached skill level 12 in Dodging
 13782 | D:10     | Reached skill level 10 in Summonings
 14651 | D:11     | Noticed an eight-headed hydra
 14662 | D:11     | Slain by an eight-headed hydra
 14663 | D:11     | Reached XP level 10. HP: -2/48 MP: 21/23
 15045 | D:11     | Killed an eight-headed hydra
 15352 | D:11     | Noticed a rust devil
 15352 | D:11     | Noticed Nergalle
 15427 | Lair:1   | Entered Level 1 of the Lair of Beasts
 15443 | Lair:1   | Reached skill level 13 in Dodging
 15443 | Lair:1   | Reached XP level 11. HP: 52/52 MP: 17/25
 15808 | Lair:1   | Reached skill level 1 in Air Magic
 16396 | Lair:1   | Identified the +5 scale mail of Fortification {Rampage
                  | *Corrode rF+ Str+2}
 16631 | Lair:1   | Reached skill level 14 in Dodging
 16631 | Lair:1   | Reached skill level 10 in Spellcasting
 17507 | Lair:2   | Learned a level 4 spell: Airstrike
 17669 | Lair:2   | Reached skill level 10 in Fighting
 17697 | Lair:2   | Gained mutation: Your thick and shaggy fur keeps you warm.
                  | (AC +3, rC+) [Felid growth]
 17697 | Lair:2   | Reached XP level 12. HP: 47/58 MP: 23/27
 18414 | Lair:2   | Found a hole to the Spider Nest.
 18417 | Lair:2   | Reached skill level 15 in Dodging
 18737 | Lair:2   | Reached skill level 5 in Air Magic
 19571 | Lair:3   | Noticed a death yak
 19572 | Lair:3   | Noticed a death yak
 19572 | Lair:3   | Noticed a death yak
 19581 | Lair:3   | Noticed a death yak
 19585 | Lair:3   | Killed a death yak
 19598 | Lair:3   | Killed a death yak
 20509 | Lair:3   | Killed a death yak
 20512 | Lair:3   | Noticed a boulder beetle
 20542 | Lair:3   | Reached XP level 13. HP: 62/63 MP: 9/28
 20637 | Lair:3   | Identified the +11 spear "Disewoud" {vorpal, Str+3 Dex+3}
 20818 | Lair:3   | Reached skill level 16 in Dodging
 21041 | Lair:3   | Found a staircase to the Swamp.
 21488 | Lair:4   | Identified the +6 chain mail "Seix" {Int+3 Stlth-}
 22067 | Lair:5   | Entered Level 5 of the Lair of Beasts
 22200 | Lair:5   | Found a viscous altar of Jiyva.
 22200 | Lair:5   | Found a staircase to the Slime Pits.
 22474 | Lair:5   | Reached skill level 17 in Dodging
 23053 | Lair:5   | Reached skill level 18 in Dodging
 23053 | Lair:5   | Reached XP level 14. HP: 70/70 MP: 2/29
 24435 | D:11     | Bought 2 emerald potions for 48 gold pieces
 24437 | D:11     | Bought the ring "Sopun" {Wiz rElec Will++} for 812 gold
                  | pieces
 24499 | D:11     | Killed Nergalle
 24712 | D:11     | Found a staircase to the Orcish Mines.
 24876 | D:12     | Found Bathihi's Antique Armour Emporium.
 24911 | D:12     | Noticed Urug
 24922 | D:12     | Killed Urug
 25092 | Orc:1    | Entered Level 1 of the Orcish Mines
 25109 | Orc:1    | Noticed Fannar
 25122 | Orc:1    | Killed Fannar
 25731 | Orc:2    | Entered Level 2 of the Orcish Mines
 26164 | Orc:2    | Reached skill level 19 in Dodging
 26248 | Orc:2    | Found a bloodstained altar of Trog.
 26379 | Orc:2    | Found a staircase to the Elven Halls.
 26542 | Orc:2    | Gained mutation: Your body sometimes deteriorates upon
                  | taking damage. [a neqoxec]
 26565 | Orc:2    | HP: 1/72 [red devil/+0 demon trident[an orc sorcerer] (21)]
 27197 | Orc:2    | Reached skill level 15 in Fighting
 27383 | Orc:2    | Found Amoroaki's Assorted Antiques.
 27391 | Orc:2    | Found Caocvogh's Book Boutique.
 27395 | Orc:2    | Bought a scroll of identify for 62 gold pieces
 27399 | Orc:2    | Bought a book of Spatial Translocations for 416 gold pieces
 27399 | Orc:2    | Bought a book of Beasts for 608 gold pieces
 27405 | Orc:2    | Learned a level 5 spell: Summon Mana Viper
 27411 | Orc:2    | Learned a level 5 spell: Manifold Assault
 27411 | Orc:2    | Found Ipatoi's Antique Armour Boutique.
 27413 | Orc:2    | Found Xuomiriof's Antique Armour Emporium.
 27608 | Orc:2    | Reached skill level 1 in Translocations
 27702 | D:12     | Reached skill level 1 in Transmutations
 27702 | D:12     | Reached skill level 1 in Evocations
 27705 | D:12     | Reached skill level 1 in Unarmed Combat
 27842 | D:12     | Found Ciez's Book Shop.
 27912 | D:12     | Found Gugiutac's Jewellery Emporium.
 28609 | D:12     | Got the Discourse on Shocking Earth
 28750 | D:12     | Found Tibimac's Armour Emporium.
 28798 | D:12     | Found Giqi's Assorted Antiques.
 28806 | D:12     | Bought a blackened coral ring for 145 gold pieces
 29380 | D:13     | Reached XP level 15. HP: 43/77 MP: 16/30
 29750 | D:13     | HP: 1/77 [centaur warrior (3)]
 30640 | D:6      | Killed XxsatanxX's ghost
 30684 | D:6      | Learned a level 7 spell: Storm Form
 30862 | Elf:1    | Entered Level 1 of the Elven Halls
 31527 | Spider:1 | Entered Level 1 of the Spider Nest
 31822 | Lair:2   | HP: 1/77 [jumping spider (3)]
 33895 | Spider:1 | Reached skill level 5 in Translocations
 34167 | Spider:1 | Reached skill level 5 in Transmutations
 34768 | Spider:2 | Noticed Arachne
 36036 | Spider:2 | Killed Arachne
 37639 | Spider:3 | Noticed Donald
 37660 | Spider:3 | Killed Donald
 37769 | Spider:3 | Noticed an emperor scorpion
 38068 | Spider:3 | Noticed an emperor scorpion
 38083 | Spider:3 | Killed an emperor scorpion
 38725 | Spider:3 | Killed an emperor scorpion
 38726 | Spider:3 | Reached skill level 10 in Air Magic
 38726 | Spider:3 | Reached XP level 16. HP: 81/81 MP: 19/31
 39124 | Spider:4 | Entered Level 4 of the Spider Nest
 39279 | Spider:4 | Noticed Mlioglotl
 39292 | Spider:4 | Killed Mlioglotl
 39318 | Spider:4 | Blown up by an orb spider
 39319 | Spider:4 | Reached XP level 15. HP: -23/77 MP: 8/30
 40514 | Spider:4 | Reached skill level 10 in Transmutations
 40515 | Spider:4 | Blown up by an orb spider
 40516 | Spider:4 | Reached XP level 14. HP: -9/73 MP: 3/29
 40916 | Spider:4 | Noticed a broodmother
 40953 | Spider:4 | Killed a broodmother
 41086 | Spider:4 | Killed a ghost moth
 41338 | Spider:4 | Noticed a broodmother
 41362 | Spider:4 | Killed a broodmother
 41424 | Spider:4 | Noticed a broodmother
 41425 | Spider:4 | Noticed a broodmother
 41425 | Spider:4 | Noticed a ghost moth
 41438 | Spider:4 | Killed a broodmother
 42066 | Swamp:1  | Entered Level 1 of the Swamp
 42112 | Swamp:1  | Killed from afar by a will-o-the-wisp

Illustrated notes

Levels and vault maps discovered:
D:1:      shiori_arrival_oz, layout_loops_ring
D:2:      layout_rooms, minmay_unequal
D:3:      layout_basic, nicolae_ecumenical_pavilion, uniq_natasha
D:4:      layout_gridville, mainiacjoe_overflow_alcove_3, uniq_edmund
D:5:      layout_rooms, minitemple, minmay_temple_entry_butterflies,
          gup_sewer_entry_bowl, st_stairs_4, uniq_menkaure
D:6:      wad_river_or_something, layout_gridville,
          mainiacjoe_overflow_cross_hatched, lightli_temple_of_fire,
          serial_shops, nicolae_shop_competitors_out_of_business,
          gammafunk_ghost_necromancy
D:7:      layout_basic, serial_bayou_lagoon_b
D:8:      kennysheep_steamy, layout_cave_pools, kennysheep_vampire_church
D:9:      layout_irregular_city, mainiacjoe_overflow_two_lobes,
          grunt_lair_entry_orc_guard_hut, enter_bailey_2,
          chequers_serial_rivers_micro_d, uniq_joseph, uniq_psyche
D:10:     layout_loops_ring
D:11:     layout_rooms, minmay_orc_entry_temple_small, chequers_mini_garden,
          uniq_nergalle
D:12:     cheibrodos_hippocracy, layout_irregular_city, serial_shops, shop,
          nicolae_shop_statue_plus, nicolae_shop_statue_plus,
          nicolae_stop_n_shop_1, shop, uniq_urug
D:13:     kennysheep_bubbly, layout_basic
Temple:   hellmonk_temple_flake
Lair:1:   layout_cave_pods, serial_bayou_pond_e, nicolae_lair_grazing_beasts
          [nicolae_sub_lair_graze_edge, nicolae_sub_lair_graze_edge,
          nicolae_sub_lair_graze_edge, nicolae_sub_lair_graze_edge],
          grunt_megastairs_5
Lair:2:   regret_index_wax_grids, layout_chaotic_city, spider_nest_entry_a
Lair:3:   layout_misc_corridors, palyth_hydra_swamp_entry,
          infiniplex_staircase_pool, grunt_megastairs_3
Lair:4:   layout_hall_layers, grunt_forest_large_clearing_hut,
          grunt_megastairs_4
Lair:5:   minmay_lair_end_frog_pond, layout_small_grid, slime_entry_1,
          chequers_serial_rivers_marsh
Swamp:1:  layout_basic_swamp, evilmike_swamp_ruin_wall, swamp_pool1,
          hangedman_swamp_wriggling
Spider:1: layout_chambers, nicolae_spider_claw_tunnel
Spider:2: layout_chambers, nicolae_spider_cling_ruins, uniq_arachne
Spider:3: layout_spider_delve, hangedman_spider_tarantella_strand, uniq_donald
Spider:4: hellmonk_spider_rune_endless_swarm, nicolae_spider_rock_and_or_roll,
          uniq_mlioglotl
Orc:1:    layout_caves, nicolae_orc_crystal_geode, uniq_fannar
Orc:2:    st_orc_elflike, layout_diamond_mine, basic_altar,
          nicolae_orc_pool_cavern, kennysheep_orc_chapel
Elf:1:    eino_elf_arrival_sip, layout_loops_corners,
          kennysheep_underground_church

Skill      XL: |  1  2  3  4  5  6  7  8  9 10 11 12 13 14 15 16 |
---------------+-------------------------------------------------+-----
Stealth        | 3 4 5 6 |  6.9
Dodging        | 3 4 5 6 9 10 13 14 15 18 19 | 19.0
Spellcasting   | 3 4 6 7 9 10 | 10.4
Summonings     | 5 6 8 9 10 | 10.6
Hexes          | 1 4 5 |  5.8
Fighting       | 3 5 7 10 11 13 15 | 15.0
Air Magic      | 3 6 7 11 10 | 11.5
Translocations | 2 5 |  5.0
Transmutations | 11 10 9 | 11.1
Evocations     | 2 |  2.2
Unarmed Combat | 1 |  1.9

Action                   |  1- 3 |  4- 6 |  7- 9 | 10-12 | 13-15 | 16-18 || total
-------------------------+-------+-------+-------+-------+-------+-------++-------
Melee: Unarmed           |    10 |    15 |    24 |    81 |   159 |     9 ||   298
       Bite              |     1 |     2 |     5 |    11 |    20 |     1 ||    40
       Punch             |       |       |       |     1 |     4 |       ||     5
 Cast: Summon Small Mamm |    61 |    33 |    84 |   109 |    44 |       ||   331
       Call Imp          |     7 |    11 |    29 |    25 |    11 |       ||    83
       Call Canine Famil |       |    15 |    43 |    69 |    78 |     1 ||   206
       Summon Guardian G |       |     7 |    44 |   106 |   138 |     4 ||   299
       Summon Lightning  |       |       |     5 |    75 |   158 |     4 ||   242
       Airstrike         |       |       |       |    72 |   438 |    14 ||   524
       Summon Mana Viper |       |       |       |       |    90 |     5 ||    95
       Manifold Assault  |       |       |       |       |    11 |     2 ||    13
       Storm Form        |       |       |       |       |     1 |       ||     1
Invok: Potion Petition   |       |       |       |       |     6 |       ||     6
       Call Merchant     |       |       |       |       |     2 |       ||     2
Evoke: Wand              |       |     1 |     9 |     7 |    21 |     8 ||    46
       Phial of floods   |       |       |       |       |     2 |     1 ||     3
       Phantom mirror    |       |       |       |       |     1 |     1 ||     2
  Use: Scroll            |       |     3 |    13 |     7 |    20 |     2 ||    45
       Potion            |       |     1 |     1 |     4 |    13 |       ||    19
 Stab: Sleeping          |       |       |     1 |       |       |       ||     1
       Distracted        |       |       |       |     3 |     3 |     1 ||     7
       Invisible         |       |       |       |       |     4 |       ||     4
       Paralysed         |       |       |       |       |     6 |       ||     6
Armor: Skin              |     3 |     1 |     4 |    14 |    33 |       ||    55
Dodge: Dodged            |    18 |    25 |    96 |   272 |   625 |    15 ||  1051
